 Dungeon Crawl Stone Soup version 0.24-a0-462-ge24419a6ad (webtiles) character file.

Game seed: 6529739234690249473

52 Mithandil the Conjurer (level 3, 0/19 HPs)
             Began as a Deep Elf Conjurer on July 2, 2019.
             Slain by a goblin
             ... wielding a +0 dagger
             ... led by Robin
              (2 damage)
             ... on level 2 of the Dungeon.
             The game lasted 00:16:11 (993 turns).

Mithandil the Conjurer (Deep Elf Conjurer)           Turns: 993, Time: 00:16:12

Health: 0/19       AC:  3    Str:  5    XL:     3   Next: 60%
Magic:  0/10       EV: 13    Int: 20    God:
Gold:   35         SH:  0    Dex: 18    Spells: 7/10 levels left

rFire    . . .     SeeInvis .   a - +0 short sword
rCold    . . .     Gourm    .   (no shield)
rNeg     . . .     Faith    .   b - +0 robe
rPois    .         Spirit   .   (no helmet)
rElec    .         Reflect  .   (no cloak)
rCorr    .         Harm     .   i - +0 pair of gloves {Dex+3}
MR       .....                  (no boots)
Stlth    ++........             (no amulet)
HPRegen  0.06/turn              (no ring)
MPRegen  0.12/turn              (no ring)

@: no status effects
A: no striking features
a: no special abilities


You were on level 2 of the Dungeon.
You were not hungry.

You visited 1 branch of the dungeon, and saw 3 of its levels.

You collected 35 gold pieces.

Inventory:

Hand Weapons
 a - a +0 short sword (weapon)
 j - a +0 dagger
Missiles
 d - 40 stones (quivered)
 e - 23 arrows
Armour
 b - a +0 robe (worn)
 i - a +0 pair of gloves of dexterity (worn)
Scrolls
 f - a scroll of blinking {unknown}
 h - a scroll of teleportation
 k - a scroll of amnesia {unknown}
Potions
 g - a potion of lignification {unknown}
Comestibles
 c - 2 rations


   Skills:
 + Level 0.8 Short Blades
 + Level 2.8 Dodging
 + Level 3.0 Stealth
 * Level 4.0 Spellcasting
 * Level 4.8 Conjurations


You had 7 spell levels left.
You knew the following spells:

 Your Spells              Type           Power        Failure   Level  Hunger
a - Magic Dart            Conj           ###.         1%          1    None
b - Searing Ray           Conj           ###...       2%          2    #......

Your spell library contained the following spells:

 Spells                   Type           Power        Failure   Level  Hunger
 Dazzling Spray           Conj/Hex       ##....       14%         3    ###....
 Iskenderun's Mystic Bla  Conj           ###.....     17%         4    ####...
 Force Lance              Conj/Tloc      ##......     43%         4    ####...
 Fulminant Prism          Conj/Hex       ##........   43%         4    ####...


Dungeon Overview and Level Annotations

Branches:
Dungeon (3/15)

Altars:


Message History

The goblin no longer looks unusually strong.
The goblin no longer looks unusually strong.
Casting: Magic Dart (safe; 1% risk of failure)
Confirm with . or Enter, or press ? or * to list all spells.
Aiming: Magic Dart (safe; 1% risk of failure)
Press: ? - help, Shift-Dir - straight line, f - goblin
Aim: a goblin, wielding a +0 club The magic dart hits the goblin.
You kill the goblin!
Things that are here:
a +0 whip; a +0 animal skin; a +0 helmet
Casting: Magic Dart (safe; 1% risk of failure)
Confirm with . or Enter, or press ? or * to list all spells.
Aiming: Magic Dart (safe; 1% risk of failure)
Press: ? - help, Shift-Dir - straight line, f - goblin
Aim: a goblin, wielding a +0 dagger The magic dart hits the goblin.
The goblin is severely wounded.
The goblin hits you with a +0 dagger.
You die...

#####.....#..###.)..##
....#.#.#...........
##......#..#.#......
......).†..#.....##
#####.#...#.#.#.#.#
...#....)..#... ###
#.....#.#.#.#
##.#.g#...#.#
#.#.>@..## # #.#######
#.# #.# #.# #.# #..
###


You could see a goblin.

Vanquished Creatures
  Robin (D:2)
  2 adders (D:2)
  A dart slug (D:2)
  4 bats
  A giant cockroach (D:1)
  3 goblins (D:2)
  2 hobgoblins (D:2)
  A frilled lizard (D:1)
  4 kobolds
  4 rats
23 creatures vanquished.

Notes
Turn   | Place    | Note
-------+----------+-------------------------------------------
     0 | D:1      | Mithandil the Deep Elf Conjurer began the quest for the
                  | Orb.
     0 | D:1      | Reached XP level 1. HP: 10/10 MP: 6/6
   470 | D:1      | Reached XP level 2. HP: 13/15 MP: 4/8
   474 | D:1      | Learned a level 2 spell: Searing Ray
   938 | D:2      | Reached XP level 3. HP: 19/19 MP: 8/10
   965 | D:3      | Noticed Robin
   976 | D:2      | Killed Robin
   993 | D:2      | Slain by a goblin

Levels and vault maps discovered:
D:1:      wheals_arrival_linesprint, layout_loops_cross
D:2:      layout_basic, uniq_terence
D:3:      layout_basic, chequers_ecumenical_altar_simple, uniq_ijyb,
          uniq_grinder, uniq_natasha, uniq_robin

Skill      XL: |  1  2  3 |
---------------+----------+-----
Stealth        | 3 |  3.0
Spellcasting   | 4 |  4.0
Short Blades   | |  0.8
Dodging        | |  2.8
Conjurations   | |  4.8

Action                   || total
-------------------------++-------
 Cast: Magic Dart        ||    44
       Searing Ray       ||     1
  Use: Scroll            ||     4
Armor: Robe              ||     9
Dodge: Dodged            ||    26

Table legend:
 A = Non-vault XP
 B = Vault XP
 C = Vault XP percentage of total XP
 D = Non-vault monster count
 E = Vault monster count
 F = Vault count percentage of total count
                 A         B        C        D         E       F
            +---------+---------+-------+---------+---------+-------
      Total |      58 |      17 |  22.7 |      21 |       2 |   8.7
            +---------+---------+-------+---------+---------+-------
        D:1 |      13 |       0 |   0.0 |       9 |       0 |   0.0
        D:2 |      45 |      17 |  27.4 |      12 |       2 |  14.3
            +---------+---------+-------+---------+---------+-------
